Unix NetHack Version 5.0.0-0 post-release - last build May  4 2026 22:22:43 (774f63e81ad911689b3a0859ea89b322d5daca8d,branch:main).

Game began 2026-05-06 10:54:28, ended 2026-05-06 11:10:40.

24620901111, chaotic female human Priestess

                                                                      ---
                                                                     --..
                                                                    .(...
                                                                ---......
                                                                |<.......
                                                                -......!.
                                          ...                   ...>....-
                                         |....                 ..G......|
                                          -...                 G@G......|
                                     .......                   --.  ...--
                                     ---                             ..-

24620901111 the Aspirant     St:14 Dx:10 Co:12 In:9 Wi:18 Ch:13  Chaotic
Dlvl:4  $:13 HP:0(17) Pw:14(14) AC:7  Xp:2 T:1163 

Latest messages:
 Really step onto that arrow trap? [yn] (n) n
 Really step onto that arrow trap? [yn] (n) n
 Really step onto that arrow trap? [yn] (n) n
 Really step onto that arrow trap? [yn] (n) y
 You escape an arrow trap.
 You are beginning to feel hungry.
 What do you want to eat? [ijk or ?*] i
 Yak - dog food!
 You finish eating the tripe ration.
 You find a hidden passage.
 You already found a monster.  Use 'm' prefix to force another search.
 You already found a monster.  Use 'm' prefix to force another search.
 You already found a monster.  Use 'm' prefix to force another search.
 You already found a monster.  Use 'm' prefix to force another search.
 You already found a monster.  Use 'm' prefix to force another search.
 You already found a monster.  Use 'm' prefix to force another search.
 You hit the giant rat.
 The giant rat bites!
 You miss the giant rat.
 The giant rat bites!
 You miss the giant rat.
 You miss the giant rat.
 The giant rat bites!
 You kill the giant rat!
 You kill the jackal!
 You miss the giant rat.
 The giant rat bites!
 You kill the giant rat!
 The jackal bites!
 You kill the jackal!
 You see here a jackal corpse.
 You hear the splashing of a naiad.
 You see here a jackal corpse.
 You descend the stairs.
 You see here a potion of unholy water.
 You are almost hit by a thonged club.
 The thonged club returns to its hand!
 You hit the gnome lord!
 You miss the gnome lord.
 You miss the gnome lord.
 The gnome hits!
 The gnome lord hits!
 The gnome swings his thonged club.
 The gnome hits!
 You die...
 Do you want your possessions identified? [ynq] (y) y
 Do you want to see your attributes? [ynq] (y) y
 Do you want an account of creatures vanquished? [ynaq] (y) y
 Do you want to see your conduct and achievements? [ynq] (y) y
 Do you want to see the dungeon overview? [ynq] (y) y

Inventory:
 Coins    ('$')
  $ - 13 gold pieces
 Weapons  (')')
  a - a blessed +1 mace (weapon in right hand)
 Armor    ('[')
  c - a +0 small shield (being worn)
  b - a blessed +0 robe (being worn)
 Comestibles  ('%')
  j - a food ration
  k - a lichen corpse
 Spellbooks  ('+')
  h - a spellbook of clairvoyance
  g - a spellbook of detect monsters
 Potions  ('!')
  d - 4 potions of holy water

24620901111 the Priestess's attributes:

Background:
 You were an Aspirant, a level 2 human Priestess.
 You were chaotic, nominally on a mission for Kos
 who was opposed by Issek (lawful) and Mog (neutral).
 You were right-handed.
 You were in the Gnomish Mines, on level 4.
 You entered the dungeon 1163 turns ago.
 You had 33 experience points, 7 more were needed to attain level 3.

Basics:
 You had 0 out of 17 hit points.
 You had all 14 energy points (spell power).
 Your armor class was 7.
 Your wallet contained 13 zorkmids.
 Autopickup was off.

Final Characteristics:
 Your strength was 14 (limit:18/100).
 Your dexterity was 10 (limit:18).
 Your constitution was 12 (limit:18).
 Your intelligence was 9 (limit:18).
 Your wisdom was 18 (limit:18).
 Your charisma was 13 (limit:18).

Final Status:
 You weren't hungry.
 You were unencumbered.
 You were wielding a mace.
 You had basic skill with mace.

Final Attributes:
 You were devoutly aligned.
 You were guarded.
 Your spell casting was enhanced by wearing a robe.
 You are dead.

Miscellaneous:
 You didn't encounter any bones levels.
 Total elapsed playing time was 16 minutes and 10 seconds.

Major events:
 Turn
    1: 24620901111 the chaotic human Priestess entered the dungeon
 1140: entered the Gnomish Mines
 1163: killed by a gnome

Spells:
 Name                 Level Category     Fail Retention
 detect monsters        1   divination     0%  76%-100%
 clairvoyance           3   divination    82%  76%-100%

Skills:
 Fighting Skills
   bare handed combat [Unskilled]
 Weapon Skills
   club               [Unskilled]
   mace               [Basic]
   morning star       [Unskilled]
   flail              [Unskilled]
   hammer             [Unskilled]
   quarterstaff       [Unskilled]
   polearms           [Unskilled]
   spear              [Unskilled]
   trident            [Unskilled]
   lance              [Unskilled]
   bow                [Unskilled]
   sling              [Unskilled]
   crossbow           [Unskilled]
   dart               [Unskilled]
   shuriken           [Unskilled]
   boomerang          [Unskilled]
   unicorn horn       [Unskilled]
 Spellcasting Skills
   healing spells     [Unskilled]
   divination spells  [Unskilled]
   clerical spells    [Basic]

Voluntary challenges:
 Character rerolling was not enabled.
 You were an atheist.
 You were illiterate.
 You never genocided any monsters.
 You never polymorphed an object.
 You never changed form.
 You used no wishes.
Achievement:
 You entered the Gnomish Mines.

 The Dungeons of Doom: levels 1 to 3
    Level 1:
       A fountain.
    Level 2:
    Level 3:
       Some fountains.
       Stairs down to The Gnomish Mines.
 The Gnomish Mines:
    Level 4: <- You were here.
       Final resting place for
          you, killed by a gnome.


Vanquished creatures:
  2 giant rats
  4 jackals
  2 goblins
  4 grid bugs
  3 lichens
  4 newts
19 creatures vanquished.

No species were genocided or became extinct.

Game over:
                       ----------
                      /          \
                     /    REST    \
                    /      IN      \
                   /     PEACE      \
                  /                  \
                  |   24620901111    |
                  |      13 Au       |
                  |   killed by a    |
                  |      gnome       |
                  |                  |
                  |                  |
                  |       2026       |
                 *|     *  *  *      | *
        _________)/\\_//(\/(/\)/\//\/|_)_______

Goodbye 24620901111 the Priestess...

You died in The Gnomish Mines on dungeon level 4 with 294 points,
and 13 pieces of gold, after 1163 moves.
You were level 2 with a maximum of 17 hit points when you died.

